cohdb
Replays
Latest Replays
All Replays
Popular Replays
Top Player Replays
Match Explorer
How It Works
Community
CoH3 Stats
Reddit
Sign in to upload your games and track your stats! →
Sign in with Steam
Match 47347133
Unlisted
Match 47347133
Overview
Messages
Build Orders
End
Vickers Machine Gun Team
Construct Section Command Post
Selects Canadian Shock Battlegroup
Vickers Machine Gun Team
Royal Engineer Section
Selects Attacking Spirit
Selects Canadian Shock Section
Canadian Shock Section
Construct Platoon Command Post
CMP 15cwt Truck
Selects Incendiary Munitions
Canadian Shock Section
Forward Retreat Point
Selects Pyrotechnics
Infantry Training
Construct Company Command Post
Canadian Shock Section
Armored Vehicle Training
Selects Churchill Crocodile Heavy Tank
Churchill Crocodile Heavy Tank
Canadian Shock Section
Old Saint Henderson
SgtSteiner
Jun
SirCinnamonBuns
OCTAVOR1
wodbs385512
0
0
Comments
sign in to comment!
No comments posted yet!